 Seeded DCSS version 0.30-a0-6-g7c9e10e132 (webtiles) character file.

Game seed: 34 (custom seed)

2 fingers the Trooper (level 1, 0/18 HPs)
             Began as a Demonspawn Berserker on Aug 22, 2022.
             Was a Follower of Trog.
             Slain by an endoplasm (2 damage)
             ... on level 1 of the Dungeon.
             The game lasted 00:00:17 (81 turns).

fingers the Trooper (Demonspawn Berserker)            Turns: 81, Time: 00:00:17

Health: 0/18       AC:  2    Str: 17    XL:     1   Next: 33%
Magic:  1/1        EV: 12    Int:  8    God:    Trog [*.....]
Gold:   5          SH:  0    Dex: 12    Spells: 0/0 levels left

rFire   . . .      SeeInvis .    a - +0 falchion
rCold   . . .      Faith    .    (no shield)
rNeg    . . .      Spirit   .    b - +0 animal skin
rPois   .          Reflect  .    (no helmet)
rElec   .          Harm     .    (no cloak)
rCorr   .          Rampage  .    (no gloves)
Will    .....                    (no boots)
Stlth   +.........               (no amulet)
HPRegen 0.06/turn                (no ring)
MPRegen 0.07/turn                (no ring)

@: no status effects
A: no striking features
a: Renounce Religion, Berserk


You were on level 1 of the Dungeon.
You worshipped Trog.
Trog was aware of your devotion.
You visited 1 branch of the dungeon, and saw 1 of its levels.

You collected 5 gold pieces.

Inventory:

Hand Weapons
 a - a +0 falchion (weapon)
Armour
 b - a +0 animal skin (worn)
Jewellery
 c - a ring of magical power


   Skills:
 + Level 3.0 Fighting
 + Level 2.7 Long Blades
 + Level 1.8 Armour
 + Level 1.8 Dodging


You couldn't memorise any spells.
You didn't know any spells.
Your spell library was empty.

Dungeon Overview and Level Annotations

Branches:
Dungeon (1/15)

Altars:


Message History

You slash the kobold!
You kill the kobold!
Trog accepts your kill.
You slash the giant cockroach!
You kill the giant cockroach!
Trog accepts your kill.
Items here: ( ) ††.
You now have 5 gold pieces.
c - a ring of magical power
Items here: ( ) ††.
A kobold comes into view. It is wielding a +0 dagger.
Found a scroll labelled LEEJICV RUGA.
An endoplasm comes into view.
The kobold shouts!
You hear an angry hiss.
The kobold closely misses you.
A frilled lizard comes into view.
The kobold hits you with a +0 dagger. The kobold completely misses you.
You see here a scroll labelled LEEJICV RUGA.
You closely miss the kobold. The kobold hits you with a +0 dagger.
The endoplasm quivers.
The kobold hits you with a +0 dagger. The kobold barely misses you.
You barely miss the kobold. The kobold hits you with a +0 dagger.
The frilled lizard barely misses you.
You closely miss the kobold. The kobold hits you with a +0 dagger.
* * * LOW HITPOINT WARNING * * *
The endoplasm completely misses you. The frilled lizard closely misses you.
You are too injured to fight recklessly!
You are too injured to fight recklessly!
You are too injured to fight recklessly!
You are too injured to fight recklessly!
You barely miss the kobold. The kobold hits you but does no damage.
The frilled lizard closely misses you. The endoplasm misses you.
You barely miss the kobold. The kobold hits you with a +0 dagger.
* * * LOW HITPOINT WARNING * * *
The frilled lizard misses you. The endoplasm hits you.
* * * LOW HITPOINT WARNING * * *
The kobold hits you but does no damage. The endoplasm hits you.
You die...

♣♣........###
♣........#..
♣♣.......#.#
♣♣......#.#
♣♣♣.#..#.#########.
###..#...........
#..#...........
#..#.#K?...##..
##...#@l...#
###.#.J...#
#.#.....# #.#.....#
#.#.......
#.####..... #.#
....## .# ....#


You could see an endoplasm, a kobold and a frilled lizard.

Vanquished Creatures
  A giant cockroach (D:1)
  A kobold (D:1)
2 creatures vanquished.

Notes
Turn   | Place    | Note
-------+----------+-------------------------------------------
     0 | D:1      | fingers the Demonspawn Berserker began the quest for the
                  | Orb.
     0 | D:1      | Reached XP level 1. HP: 18/18 MP: 1/1
    81 | D:1      | Slain by an endoplasm

Illustrated notes

Levels and vault maps discovered:
D:1:      sevenhm_arrival_forest_fort_large_4, layout_basic,
          shapermc_ecumenical_altar_gd

Action                   || total
-------------------------++-------
Melee: Falchion          ||     7
Armor: Animal skin       ||     2
Dodge: Dodged            ||    10

Table legend: (Time is in decaauts)
 A = Elapsed time spent in this place.
 B = Non-inter-level travel time spent in this place.
 C = Inter-level travel time spent in this place.
 D = Time resting spent in this place.
 E = Time spent auto-exploring this place.
 F = Levels seen in this place.
 G = Mean time per level.
                   A        B        C        D        E       F      G
               +--------+--------+--------+--------+--------+-----+--------+
         Total |     81 |     81 |      0 |      0 |     36 |   1 |   81.0 |
       Dungeon |     81 |     81 |      0 |      0 |     36 |   1 |   81.0 |
               +--------+--------+--------+--------+--------+-----+--------+

Top non-repeatable levels by time:
     D:1: 81 daAuts
